 Dungeon Crawl Stone Soup version 0.28.0-43-g3370ac3207 (webtiles) character file.

Game seed: 14497804778433236228

473 buriedalive the Chiller (level 6, 0/49 HPs)
             Began as a Deep Elf Ice Elementalist on Feb 28, 2022.
             Succumbed to Dowan's poison
             ... on level 5 of the Dungeon.
             The game lasted 00:07:39 (5344 turns).

buriedalive the Chiller (Deep Elf Ice Elementalist) Turns: 5344, Time: 00:07:40

Health: 0/49       AC: 23    Str: 11    XL:     6   Next: 83%
Magic:  12/12      EV:  2    Int: 20    God:
Gold:   179        SH:  0    Dex: 15    Spells: 4/11 levels left

rFire   . . .      SeeInvis .   r - +2 whip (elec)
rCold   . . .      Faith    .   (no shield)
rNeg    + . .      Spirit   .   (armour currently unavailable)
rPois   +          Reflect  .   (helmet currently unavailable)
rElec   .          Harm     .   (cloak currently unavailable)
rCorr   .          Rampage  .   (gloves currently unavailable)
Will    .....      NoTele   +   (boots currently unavailable)
Stlth   ++........              m - amulet of magic regeneration
HPRegen 0.16/turn               h - +6 ring of strength
MPRegen 0.53/turn               q - ring of positive energy

@: lethally poisoned (0 -> -5), tree-form
A: stationary, stasis, torment immunity, boosted hp, dopey 1, (fire resistance
1), sense surroundings 1
a: no special abilities


You were on level 5 of the Dungeon.
You were a tree.
You visited 1 branch of the dungeon, and saw 5 of its levels.

You collected 179 gold pieces.

Inventory:

Hand Weapons
 c - a +0 dagger
 j - a +1 dagger of electrocution
 r - a +2 whip of electrocution (weapon)
Missiles
 d - 141 stones
 n - 2 poisoned darts
 s - 2 throwing nets
Armour
 a - a +0 robe (melded)
Jewellery
 h - a +6 ring of strength (left branch)
 m - an amulet of magic regeneration (around neck)
 q - a ring of positive energy (right branch)
Wands
 v - a wand of digging (8)
Scrolls
 b - a scroll of identify
 k - a scroll of immolation {unknown}
 l - 2 scrolls of teleportation {unknown}
 p - a scroll of enchant armour {unknown}
 t - a scroll of noise {unknown}
Potions
 e - a potion of degeneration
 f - 2 potions of attraction
 g - 3 potions of brilliance
 i - a potion of berserk rage


   Skills:
 - Level 0.3 Fighting
 - Level 1.0 Short Blades
 + Level 5.8 Dodging
 - Level 2.4 Stealth
 - Level 0.2 Unarmed Combat
 - Level 3.0 Spellcasting
 + Level 7.3 Ice Magic


You had 4 spell levels left.
You knew the following spells:

 Your Spells              Type           Power      Damage    Failure   Level
a - Freeze                Ice            100%       1d11      1%          1
b - Ozocubu's Armour      Ice            32%        N/A       1%          3
c - Frozen Ramparts       Ice            64%        1d8       1%          3

Your spell library contained the following spells:

 Spells                   Type           Power      Damage    Failure   Level
 Hailstorm                Conj/Ice       17%        3d6       32%         4
 Dazzling Flash           Conj/Hex       6%         N/A       38%         3
 Iskenderun's Mystic Bla  Conj/Tloc      3%         2d3       80%         4
 Starburst                Conj/Fire      1%         6d3       100%        6


Dungeon Overview and Level Annotations

Branches:
Dungeon (5/15)
 Temple: D:4-7

Altars:
Hepliaklqana
Qazlal

Annotations:
D:5 Duvessa


Innate Abilities, Weirdness & Mutations

You are a tree.
Your roots penetrate the ground, keeping you stationary.
You cannot be teleported.
You are immune to unholy pain and torment.
Your maximum health is greatly increased.
Your equipment is partially melded.
You are dopey. (Int -2)
((Your flesh is heat resistant. (rF+)))
You passively map a small area around you.


Message History

Dowan blinks!
The wall freezes Dowan.
Dowan hits you with a +1 dagger of venom.
You are poisoned.
You feel very sick.
The wall freezes Dowan.
Dowan hits you with a +1 dagger of venom.
You are more poisoned.
You feel very sick.
The wall freezes Dowan!
Dowan hits you with a +1 dagger of venom.
You are lethally poisoned!
You feel very sick.
The wall freezes Dowan.
You kill Dowan!
You hear a distant scream of rage.
Your icy armour cracks and falls away as you move.
The frozen ramparts melt away as you move.
* * * LOW HITPOINT WARNING * * *
You feel very sick.
Items here: ) / [ †.
v - a wand of digging (8)
* * * LOW HITPOINT WARNING * * *
You feel very sick.
* * * LOW HITPOINT WARNING * * *
You feel very sick.
It was a potion of mutation.
You feel extremely strange. Fur sprouts all over your body.
You feel a little pissed off.
* * * LOW HITPOINT WARNING * * *
You feel sick.
It was a potion of lignification.
You turn into a tree.
Your +0 robe melds into your body.
Your roots penetrate the ground.
* * * LOW HITPOINT WARNING * * *
You feel sick.
Really quaff the potion of mutation?
You feel extremely strange.
You shed all your fur.
You feel a little more calm.
You feel resistant to heat.
You feel a strange attunement to the structure of the dungeons.
You feel stupid.
You die...

...# *
#.#....##..........
, ...#
..###..###.........
...# ..#
#....#......... ,
... , *
##.#.#......<.. , ,
* #.#.#.?......" ,
* #.#.#.........
#.#.#......... , *
#)#.#?...... , , *
#♣#.# , , * #.#.#*
* * < * * ..# , , ,
,, .[.# ,.#.## ,
#.#. # #.** #. ,


There were no monsters in sight!

Vanquished Creatures
  An ogre (D:4)
  Dowan (D:5)
  A hound (D:5)
  A gnoll shaman (D:4)
  A centaur skeleton (D:3)
  A jelly (D:5)
  Terence (D:2)
  Jessica (D:2)
  7 gnolls
  An adder (D:4)
  2 adder skeletons
  3 dart slugs
  5 orcs (D:4)
  5 endoplasms
  2 giant cockroaches
  7 hobgoblins
  9 jackals
  6 kobolds
  A quokka (D:1)
  10 ball pythons
  6 bats
  4 frilled lizards
  9 goblins
  3 rats (D:1)
88 creatures vanquished.

Notes
Turn   | Place    | Note
-------+----------+-------------------------------------------
     0 | D:1      | buriedalive the Deep Elf Ice Elementalist began the quest
                  | for the Orb.
     0 | D:1      | Reached XP level 1. HP: 10/10 MP: 6/6
   487 | D:1      | Reached XP level 2. HP: 12/15 MP: 6/8
   632 | D:1      | Found a faded altar of an unknown god.
   638 | D:1      | Reached skill level 5 in Ice Magic
  1424 | D:2      | Noticed Terence
  1461 | D:2      | Reached XP level 3. HP: 18/19 MP: 9/9
  1475 | D:2      | Killed Terence
  1476 | D:2      | Reached skill level 1 in Short Blades
  1549 | D:2      | Noticed Jessica
  1553 | D:2      | Killed Jessica
  1554 | D:2      | Reached XP level 4. HP: 24/24 MP: 10/10
  3173 | D:3      | Reached skill level 6 in Ice Magic
  3173 | D:3      | Reached XP level 5. HP: 18/28 MP: 11/11
  3177 | D:3      | Learned a level 3 spell: Ozocubu's Armour
  3181 | D:3      | Learned a level 3 spell: Frozen Ramparts
  3434 | D:4      | Found a stormy altar of Qazlal.
  3762 | D:4      | Found a hazy altar of Hepliaklqana.
  3970 | D:4      | Noticed an ogre
  3981 | D:4      | Killed an ogre
  4293 | D:4      | Reached skill level 5 in Dodging
  4293 | D:4      | Reached XP level 6. HP: 28/33 MP: 6/12
  5125 | D:5      | Entered Level 5 of the Dungeon
  5149 | D:5      | Reached skill level 7 in Ice Magic
  5317 | D:5      | Noticed Dowan
  5319 | D:5      | Noticed Duvessa
  5338 | D:5      | Killed Dowan
  5342 | D:5      | Gained mutation: You are covered in fur. (AC +1) [potion of
                  | mutation]
  5342 | D:5      | Gained mutation: You tend to lose your temper in combat.
                  | [potion of mutation]
  5342 | D:5      | HP: 1/33 [poisoned by Dowan]
  5344 | D:5      | Lost mutation: You are covered in fur. (AC +1) [potion of
                  | mutation]
  5344 | D:5      | Lost mutation: You tend to lose your temper in combat.
                  | [potion of mutation]
  5344 | D:5      | Gained mutation: Your flesh is heat resistant. (rF+)
                  | [potion of mutation]
  5344 | D:5      | Gained mutation: You passively map a small area around you.
                  | [potion of mutation]
  5344 | D:5      | Gained mutation: You are dopey. (Int -2) [potion of
                  | mutation]
  5344 | D:5      | Succumbed to Dowan's poison

Illustrated notes

Levels and vault maps discovered:
D:1:      dpeg_arrival_more_subterranean_lakeside_camping, layout_loops_cross,
          basic_ecumenical_altar, minmay_liquid_box
D:2:      layout_basic, serial_forest, infiniplex_forest_end_2,
          infiniplex_forest_lined_2, infiniplex_forest_lined_room_,
          infiniplex_forest_end_2, infiniplex_forest_lined_4_way, uniq_jessica,
          uniq_terence
D:3:      layout_loops_ring
D:4:      layout_cave_pods, nicolae_qazlal_scattered_showers,
          mainiacjoe_overflow_boulevard
D:5:      layout_basic, minmay_temple_entry_grid, uniq_ijyb, uniq_duvessa,
          uniq_prince_ribbit1

Skill      XL: |  1  2  3  4  5  6 |
---------------+-------------------+-----
Ice Magic      | 5 6 7 |  7.3
Short Blades   | 1 |  1.0
Dodging        | 3 5 |  5.8
Fighting       | |  0.3
Stealth        | |  2.4
Unarmed Combat | |  0.2
Spellcasting   | |  3.0

Action                   |  1- 3 |  4- 6 || total
-------------------------+-------+-------++-------
Melee: Dagger            |    38 |   103 ||   141
       Unarmed           |     4 |       ||     4
       Punch             |       |     3 ||     3
       Whip              |       |    17 ||    17
 Cast: Freeze            |    29 |     9 ||    38
       Frozen Ramparts   |       |     7 ||     7
       Ozocubu's Armour  |       |     5 ||     5
  Use: Scroll            |       |     4 ||     4
       Potion            |       |     3 ||     3
 Stab: Sleeping          |     5 |     4 ||     9
Armor: Robe              |     8 |    23 ||    31
Dodge: Dodged            |    43 |    98 ||   141
